Map: [G8] Gresvan

Players

Reynor - Winner!

  • Race: Zerg Zerg
  • Spawn Location: 11:00

Solar

  • Race: Zerg Zerg
  • Spawn Location: 5:00

Event: Gamers8 2023

VOD

Have the link to the VOD?

Description

Time

  • Played on: Aug. 4, 2023, 1:18 p.m.
  • Length: 18:50

All games in this series

Show
View Real Time Build Order
Export as new Build Order

Reynor Zerg - Winner!

Build Orders: Hatch First, Lurkers 

Get SALT Encoding   

  12  0:00  Drone  
  13  0:11  Overlord  
  13  0:16  Drone  
  14  0:30  Drone x2  
  16  0:47  Hatchery  
  15  0:50  Drone  
  15  0:54  Drone  
  18  0:57  Drone  
  18  1:09  Extractor  
  17  1:12  Spawning Pool  
  17  1:15  Drone  
  17  1:18  Drone  
  18  1:27  Drone  
  19  1:38  Drone  
  20  1:48  Drone  
  21  1:59  Queen, Overlord  
  21  2:00  Queen, Zergling x2  
  26  2:09  Metabolic Boost  
  26  2:10  Drone  
  26  2:11  Drone  
  28  2:21  Zergling x2, Drone  
  30  2:32  Hatchery  
  30  2:34  Drone  
  30  2:37  Drone  
  30  2:44  Baneling Nest, Drone  
  31  2:46  Drone  
  32  2:52  Overlord  
  32  2:54  Drone  
  33  3:03  Drone  
  33  3:05  Drone  
  35  3:10  Zergling x2  
  35  3:11  Zergling x8  
  40  3:13  Zergling x2  
  41  3:20  Overlord  
  41  3:22  Drone  
  41  3:24  Queen  
  44  3:33  Baneling x2  
  44  3:39  Drone x2  
  44  3:40  Drone x2  
  48  3:46  Drone, Roach Warren  
  48  3:47  Drone  
  49  3:48  Overlord  
  49  3:50  Drone  
  49  3:56  Drone x2  
  49  4:00  Overlord  
  49  4:02  Drone x2  
  53  4:09  Drone x2  
  54  4:16  Drone  
  55  4:18  Extractor, Overlord  
  55  4:23  Baneling  
  54  4:27  Roach x5  
  54  4:28  Roach  
  54  4:30  Roach  
  68  4:37  Overlord  
  68  4:38  Drone  
  68  4:40  Drone  
  68  4:42  Drone  
  68  4:44  Drone x2  
  73  4:48  Overlord  
  73  4:50  Drone  
  73  4:52  Drone  
  75  4:53  Drone x2  
  75  4:54  Drone  
  75  4:57  Lair  
  78  5:00  Overlord  
  78  5:03  Drone x2  
  78  5:05  Evolution Chamber, Drone x3  
  82  5:12  Drone x2  
  82  5:14  Drone  
  85  5:21  Drone  
  85  5:22  Drone x2  
  85  5:23  Drone x2  
  85  5:24  Drone  
  85  5:26  Extractor  
  85  5:27  Extractor  
  88  5:32  Overlord  
  88  5:33  Baneling, Drone x2  
  88  5:34  Drone  
  88  5:35  Drone  
  92  5:37  Drone x2  
  92  5:38  Zerg Missile Weapons Level 1  
  92  5:39  Overlord, Drone  
  92  5:41  Extractor  
  92  5:42  Extractor  
  93  5:46  Overlord  
  93  5:47  Drone x2  
  93  5:49  Baneling  
  95  5:50  Hatchery  
  95  5:54  Overseer  
  95  5:55  Glial Reconstitution  
  94  6:00  Overlord  
  94  6:02  Queen  
  96  6:06  Overlord  
  96  6:10  Roach x3  
  96  6:11  Roach x3  
  108  6:13  Pneumatized Carapace  
  108  6:18  Roach x3  
  114  6:20  Drone  
  114  6:21  Overlord  
  114  6:22  Evolution Chamber  
  114  6:23  Roach x3  
  120  6:27  Overlord  
  120  6:28  Roach x2  
  120  6:29  Roach  
  126  6:35  Roach x4  
  126  6:37  Roach  
  126  6:38  Overlord  
  135  6:43  Drone x2  
  137  6:48  Zerg Ground Armor Level 1  
  137  6:49  Roach  
  137  6:50  Roach  
  141  6:54  Roach  
  141  6:55  Roach x3  
  141  7:00  Drone  
  149  7:03  Roach x3  
  149  7:07  Drone x3  
  158  7:12  Overlord  
  158  7:14  Roach x4  
  164  7:21  Extractor  
  163  7:26  Roach x6  
  163  7:27  Overlord  
  175  7:32  Ravager x3  
  175  7:33  Drone x2  
  175  7:35  Overlord  
  180  7:39  Zerg Missile Weapons Level 2, Spore Crawler  
  180  7:42  Roach x2  
  180  7:43  Overlord  
  183  7:48  Roach x4  
  183  7:51  Overlord  
  191  7:53  Overlord  
  191  7:58  Hydralisk Den  
  190  8:00  Queen  
  190  8:01  Spore Crawler  
  190  8:03  Spore Crawler  
  189  8:09  Drone x2  
  189  8:11  Infestation Pit  
  190  8:16  Spore Crawler  
  186  8:22  Queen x2  
  186  8:26  Overlord  
  187  8:29  Hydralisk x6  
  187  8:31  Muscular Augments  
  199  8:38  Overlord  
  195  8:42  Spore Crawler, Drone x3  
  195  8:44  Tunneling Claws, Burrow  
  195  8:46  Ravager x4  
  195  8:47  Roach  
  195  8:48  Roach  
  193  8:53  Ravager  
  193  8:55  Extractor  
  187  8:56  Roach x3  
  187  8:57  Roach, Drone  
  196  9:05  Overlord  
  196  9:14  Zerg Ground Armor Level 2  
  196  9:18  Overlord x2  
  196  9:25  Roach x2  
  196  9:29  Queen  
  192  9:31  Roach x4  
  192  9:36  Roach x2  
  200  9:39  Queen  
  198  9:53  Roach x3  
  198  9:59  Roach x5  
  200  10:02  Hive  
  198  10:13  Ravager x2  
  200  10:15  Roach x7  
  200  10:20  Roach x3  
  200  10:25  Hatchery  
  199  10:28  Grooved Spines  
  197  10:36  Roach x6  
  197  10:37  Roach x6  
  200  10:47  Roach x2  
  200  10:53  Lurker Den  
  200  10:55  Roach x4  
  200  10:56  Roach x4  
  193  11:03  Roach x7  
  199  11:08  Roach x2  
  191  11:18  Zerg Missile Weapons Level 3  
  191  11:19  Roach x2  
  191  11:20  Roach x2  
  199  11:29  Roach x12  
  193  11:36  Roach x4  
  193  11:38  Zerg Ground Armor Level 3  
  193  11:40  Overseer x2  
  193  11:43  Roach x3  
  193  11:44  Roach x12  
  193  11:45  Roach x3  
  199  11:53  Roach  
  199  12:00  Roach x6  
  199  12:04  Roach x21  
  195  12:09  Roach x3  
  195  12:13  Overseer  
  199  12:19  Seismic Spines  
  197  12:30  Lurker x3  
  196  12:38  Lurker  
  196  12:42  Roach x25  
  195  12:46  Roach x2  
  187  13:09  Roach x10  
  199  13:13  Roach  
  195  13:20  Adaptive Talons  
  195  13:25  Roach x2  
  199  13:40  Extractor x2  
  193  13:41  Roach x4  
  193  13:42  Overseer  
  193  13:46  Hatchery  
  198  13:51  Roach x3  
  198  13:53  Roach x9  
  196  14:02  Drone x5  
  167  14:05  Viper x3  
  167  14:06  Hydralisk x9  
  167  14:07  Hydralisk x2  
  196  14:13  Drone x3  
  187  14:18  Viper x4  
  193  14:31  Roach x7  
  193  14:44  Lurker  
  193  14:45  Lurker  
  195  14:46  Roach x2  
  195  14:49  Roach x6  
  195  14:50  Roach x3  
  195  14:51  Roach  
  197  14:53  Spore Crawler  
  197  14:55  Spine Crawler  
  197  14:58  Roach x4  
  197  15:09  Roach x3  
  195  15:21  Roach x2  
  195  15:22  Roach x5  
  197  15:30  Roach x14  
  196  15:37  Hydralisk x2  
  193  15:53  Roach x4  
  193  15:54  Roach x5  
  193  15:55  Roach  
  195  16:00  Roach x6  
  196  16:04  Roach x2  
  196  16:11  Lurker  
  196  16:12  Lurker  
  195  16:26  Overseer  
  195  16:28  Hydralisk x5  
  195  16:31  Overseer x2  
  200  16:34  Overlord x2  
  200  16:38  Overseer x2  
  196  16:41  Extractor x2, Spine Crawler  
  196  16:44  Spore Crawler  
  192  16:48  Hydralisk x2  
  192  16:49  Hydralisk x8  
  200  17:13  Drone x3  
  199  17:15  Overseer  
  199  17:16  Overseer x3  
  199  17:28  Spore Crawler x2  
  199  17:29  Drone x3  
  200  17:30  Spine Crawler  
  199  17:42  Lurker  
  198  18:14  Hydralisk  
  200  18:22  Overseer x2  
Show
View Real Time Build Order
Export as new Build Order

Solar Zerg 

Build Orders: Hatch First, Lurkers 

Get SALT Encoding   

  12  0:00  Drone  
  13  0:12  Overlord  
  13  0:17  Drone  
  14  0:31  Drone x2  
  16  0:47  Hatchery  
  15  0:51  Drone  
  15  0:54  Drone  
  17  0:57  Drone  
  18  1:07  Extractor  
  17  1:13  Spawning Pool  
  17  1:15  Drone  
  17  1:18  Drone  
  18  1:28  Drone  
  19  1:39  Drone  
  20  1:50  Drone  
  21  1:59  Queen x2  
  21  2:00  Zergling x2  
  26  2:01  Overlord  
  26  2:09  Metabolic Boost  
  26  2:10  Drone  
  26  2:11  Drone  
  28  2:21  Drone  
  28  2:22  Zergling x2  
  30  2:32  Hatchery  
  30  2:35  Drone  
  30  2:38  Drone  
  31  2:45  Drone  
  31  2:47  Baneling Nest  
  31  2:48  Drone  
  32  2:54  Overlord  
  33  2:58  Drone  
  33  3:08  Drone x3  
  36  3:13  Zergling x4  
  36  3:14  Zergling x2  
  36  3:15  Drone x2  
  36  3:19  Overlord  
  41  3:24  Drone  
  42  3:27  Zergling x2  
  42  3:32  Baneling  
  43  3:36  Baneling  
  43  3:39  Queen  
  44  3:42  Zergling x10  
  44  3:43  Baneling  
  44  3:44  Evolution Chamber  
  44  3:45  Drone  
  49  3:50  Overlord  
  49  3:52  Drone  
  50  4:00  Zergling x2  
  51  4:13  Zergling x4  
  51  4:16  Drone x3  
  56  4:18  Extractor, Zerg Missile Weapons Level 1  
  56  4:19  Baneling x2  
  56  4:20  Drone  
  56  4:21  Drone x4  
  56  4:23  Overlord  
  60  4:24  Drone x2  
  60  4:31  Drone, Roach Warren  
  60  4:32  Drone  
  60  4:34  Drone  
  63  4:39  Extractor, Drone x3  
  64  4:52  Zergling x4  
  65  4:53  Spine Crawler, Zergling x2, Overlord  
  65  4:57  Zergling x4  
  67  5:01  Overlord  
  67  5:04  Lair  
  67  5:05  Drone x3  
  70  5:08  Drone x3  
  73  5:15  Drone  
  73  5:16  Overlord  
  73  5:18  Drone  
  75  5:22  Roach x4  
  75  5:25  Extractor, Drone x3  
  75  5:26  Extractor  
  75  5:27  Overlord  
  84  5:30  Drone x2  
  84  5:34  Drone x3  
  93  5:42  Roach  
  93  5:43  Roach x2  
  93  5:44  Extractor  
  94  5:55  Drone x2  
  94  5:56  Overlord  
  96  6:00  Drone x3  
  96  6:02  Roach x2, Glial Reconstitution  
  96  6:04  Hatchery, Overseer  
  101  6:05  Drone x2  
  101  6:08  Drone  
  104  6:12  Spire  
  104  6:15  Zerg Missile Weapons Level 2  
  104  6:18  Overlord  
  103  6:20  Roach  
  103  6:23  Drone  
  106  6:29  Overlord x2  
  106  6:30  Roach x3  
  111  6:35  Overlord  
  111  6:39  Roach x3  
  117  6:42  Overlord  
  117  6:44  Overlord x2  
  117  6:46  Overlord  
  117  6:50  Overlord  
  117  6:53  Roach x2  
  120  6:58  Drone  
  120  7:04  Roach x2  
  120  7:06  Extractor  
  120  7:08  Roach  
  124  7:17  Roach x2  
  124  7:18  Drone  
  124  7:19  Queen  
  130  7:26  Mutalisk  
  130  7:27  Mutalisk x7  
  130  7:29  Roach  
  148  7:30  Roach  
  148  7:34  Roach x3  
  154  7:38  Drone x2  
  154  7:39  Roach x2, Drone  
  154  7:43  Roach x2  
  165  7:48  Roach  
  165  7:50  Overlord  
  164  7:52  Roach x2  
  167  7:59  Roach  
  167  8:01  Roach x2  
  167  8:02  Overlord  
  172  8:09  Roach x4  
  180  8:14  Roach x5  
  180  8:18  Overlord  
  186  8:21  Overlord  
  186  8:27  Roach x5  
  186  8:33  Queen  
  194  8:37  Roach x4  
  194  8:48  Ravager x4  
  194  8:49  Ravager x2  
  200  9:15  Overlord  
  200  9:17  Zerg Ground Armor Level 1  
  200  9:23  Roach  
  200  9:26  Roach x5  
  200  9:27  Roach  
  198  9:33  Roach  
  198  9:35  Roach x3  
  198  9:36  Roach  
  199  9:38  Tunneling Claws  
  199  9:39  Burrow  
  199  9:42  Roach x2  
  199  9:45  Ravager x2  
  197  9:55  Roach x5  
  197  9:59  Roach  
  191  10:00  Ravager, Roach  
  191  10:03  Ravager  
  191  10:04  Ravager  
  191  10:05  Roach x6  
  191  10:06  Roach  
  198  10:07  Overseer  
  198  10:08  Pneumatized Carapace, Overseer  
  198  10:10  Spine Crawler  
  198  10:12  Spine Crawler  
  198  10:13  Spine Crawler, Roach x2  
  199  10:15  Overlord  
  199  10:23  Overlord x2  
  199  10:29  Overseer  
  198  10:46  Roach x3  
  197  10:51  Roach  
  197  10:56  Overseer  
  198  11:04  Roach x2  
  198  11:07  Roach x2  
  198  11:22  Ravager  
  199  11:25  Infestation Pit  
  199  11:28  Roach x11  
  191  11:33  Roach  
  191  11:35  Roach x3  
  191  11:36  Roach x2  
  195  11:40  Roach x3  
  195  11:44  Roach x9  
  199  11:51  Roach x2  
  191  11:55  Hatchery  
  191  11:57  Roach x7  
  191  11:59  Roach x2  
  191  12:00  Roach x4  
  191  12:01  Roach x2  
  199  12:05  Roach x3  
  199  12:06  Roach  
  199  12:07  Roach x3  
  199  12:12  Roach x6  
  199  12:13  Hive  
  199  12:15  Roach  
  199  12:18  Roach  
  199  12:19  Ravager  
  200  12:26  Roach x2  
  200  12:28  Roach  
  196  12:32  Roach x2  
  196  12:33  Roach x2  
  196  12:34  Roach  
  199  12:37  Hydralisk Den  
  199  12:38  Drone x2  
  199  12:43  Roach  
  199  12:44  Roach  
  200  12:48  Overseer x3  
  200  12:50  Roach  
  200  12:51  Roach  
  198  12:55  Roach x2  
  200  13:03  Roach x2  
  200  13:04  Roach x2  
  198  13:06  Roach  
  198  13:07  Roach  
  198  13:11  Lurker Den  
  199  13:15  Roach x4  
  191  13:23  Drone x3  
  191  13:25  Viper x3, Drone x2  
  191  13:26  Extractor  
  198  13:29  Grooved Spines  
  198  13:41  Roach x4  
  196  13:45  Hydralisk x2  
  172  13:56  Hydralisk x6  
  172  14:02  Hydralisk x5  
  174  14:05  Hydralisk x2  
  174  14:07  Drone x2  
  174  14:09  Drone  
  184  14:11  Seismic Spines, Drone  
  184  14:12  Drone  
  184  14:13  Drone x3  
  183  14:20  Extractor x2  
  183  14:23  Nydus Network  
  180  14:30  Lurker x6  
  178  14:41  Muscular Augments  
  178  14:43  Spine Crawler, Spore Crawler  
  178  14:44  Spine Crawler  
  178  14:45  Drone x2  
  175  14:47  Hydralisk x6  
  175  14:50  Spore Crawler  
  175  14:51  Spine Crawler  
  183  15:01  Hatchery  
  183  15:05  Nydus Canal  
  177  15:08  Adaptive Talons  
  177  15:10  Hydralisk x8  
  179  15:15  Hydralisk x3  
  179  15:16  Hydralisk  
  179  15:19  Hydralisk  
  179  15:28  Hydralisk x2  
  177  15:35  Nydus Canal  
  177  15:37  Lurker x3  
  177  15:39  Drone  
  177  15:40  Drone  
  181  15:43  Drone  
  179  15:53  Hydralisk x2  
  167  16:00  Hydralisk x2  
  167  16:02  Hydralisk  
  161  16:07  Hydralisk  
  148  16:12  Lurker x4  
  148  16:16  Drone  
  148  16:18  Drone x2  
  151  16:21  Drone  
  151  16:25  Viper  
  148  16:27  Viper  
  150  16:35  Hydralisk x2  
  150  16:37  Drone  
  150  16:38  Drone  
  156  16:43  Nydus Canal  
  156  16:47  Overseer  
  156  16:50  Hydralisk  
  156  16:53  Drone x2  
  151  17:00  Hydralisk x3  
  154  17:13  Lurker x6  
  157  17:17  Hydralisk x2  
  167  17:22  Roach x2  
  167  17:23  Roach  
  167  17:26  Roach x2  
  167  17:29  Drone  
  172  17:30  Roach  
  172  17:33  Roach x2  
  178  17:43  Viper x2  
  184  17:49  Overseer x2, Spore Crawler  
  179  18:05  Drone  
  179  18:06  Drone x2  
  179  18:13  Hydralisk x7  
  179  18:17  Nydus Canal  
  190  18:23  Hydralisk  
  170  18:27  Overseer  
  170  18:33  Drone x2  
Tags
 
Add a new tag
Caveats
  • Supply blocks, unpowered buildings, or Contaminate may cause inaccurate times.
  • Supply counts are checked every 10 seconds.